 Seeded DCSS version 0.28.0 (webtiles) character file.

Game seed: 10379525442082979767 (custom seed)

539 hikkokomori the Skirmisher (level 7, -3/55 HPs)
             Began as a Formicid Cinder Acolyte on Feb 16, 2022.
             Was a High Priest of Ignis.
             Slain by a killer bee (7 damage)
             ... on level 4 of the Dungeon.
             The game lasted 00:08:32 (5033 turns).

hikkokomori the Skirmisher (FoCA)                   Turns: 5033, Time: 00:08:32

Health: -3/55      AC:  5    Str: 19    XL:     7   Next: 51%
Magic:  1/14       EV: 10    Int: 15    God:    Ignis [*****.]
Gold:   20         SH:  0    Dex:  6    Spells: 13/15 levels left

rFire   + . .      SeeInvis +   j - +0 halberd (protect)
rCold   . . .      Faith    .   (no shield)
rNeg    . . .      Spirit   .   h - +0 ring mail
rPois   .          Reflect  .   (helmet unavailable)
rElec   .          Harm     .   (no cloak)
rCorr   .          Rampage  .   (no gloves)
Will    .....                   (no boots)
Stlth   ..........              (no amulet)
HPRegen 0.18/turn               (no ring)
MPRegen 0.14/turn               (no ring)

@: lethally poisoned (-3 -> -9)
A: permanent stasis, dig shafts and tunnels, antennae 3, four strong arms
a: Dig, Shaft Self, Renounce Religion, Fiery Armour, Foxfire Swarm, Rising Flame


You were on level 4 of the Dungeon.
You worshipped Ignis.
Ignis was extremely pleased with you.
You visited 1 branch of the dungeon, and saw 5 of its levels.

You collected 118 gold pieces.
You spent 98 gold pieces at shops.

Inventory:

Hand Weapons
 a - a -1 spear of flaming
 j - a +0 halberd of protection (weapon)
Missiles
 o - 32 stones
Armour
 b - a +0 robe
 g - a +0 chain mail
 h - a +0 ring mail (worn)
Scrolls
 d - a scroll of amnesia {unknown}
 e - a scroll of teleportation
 i - a scroll of fog {unknown}
 k - a scroll of magic mapping
 m - a scroll of identify
 n - a scroll of torment {unknown}
 p - a scroll of enchant weapon {unknown}
 q - a scroll of fear
Potions
 f - a potion of attraction {unknown}
 l - a potion of brilliance {unknown}


   Skills:
 + Level 4.8 Fighting
 + Level 4.4 Polearms
 * Level 4.7 Spellcasting
 + Level 4.4 Fire Magic


You had 13 spell levels left.
You knew the following spells:

 Your Spells              Type           Power      Damage    Failure   Level
a - Scorch                Fire           32%        2d7       7%          2

Your spell library contained the following spells:

 Spells                   Type           Power      Damage    Failure   Level
 Static Discharge         Conj/Air       3%         N/A       41%         2
 Sticky Flame             Conj/Fire      10%        2d3       75%         4
 Dispel Undead            Necr           3%         3d7       96%         4


Dungeon Overview and Level Annotations

Branches:
Dungeon (5/15)
 Temple: D:4-7

Altars:

Shops:
D:3 ?

Annotations:
D:5 Eustachio, Ijyb


Innate Abilities, Weirdness & Mutations

You cannot be hasted, slowed, berserked, paralysed or teleported.
You can dig through walls and to a lower floor.
You have a pair of large antennae on your head. (SInv)
Your four strong arms can wield two-handed weapons with a shield.


Message History

Confirm with . or Enter, or press ? or * to list all spells.
Flames lash the killer bee.
The killer bee is lightly wounded.
The killer bee's fire resistance burns away.
The killer bee stings you but does no damage.
The killer bee barely misses you.
Casting: Scorch (safe; 7% risk of failure)
Confirm with . or Enter, or press ? or * to list all spells.
Flames lash the killer bee.
The killer bee is burned terribly!
The killer bee is severely wounded.
The killer bee barely misses you. The killer bee stings you.
* * * LOW HITPOINT WARNING * * *
You hit the killer bee.
Your weapon exudes an aura of protection.
The killer bee is almost dead.
The killer bee stings you but does no damage.
The killer bee misses you. The killer bee stings you.
* * * LOW HITPOINT WARNING * * *
You are lethally poisoned!
The killer bee poisons you!
You feel better. The killer bee barely misses you.
The killer bee stings you but does no damage.
You miss the killer bee.
The killer bee is almost dead.
The killer bee stings you but does no damage.
The killer bee barely misses you.
You barely miss the killer bee.
The killer bee is almost dead.
The killer bee misses you.
The killer bee stings you but does no damage.
The killer bee stings you!
* * * LOW HITPOINT WARNING * * *
You are lethally poisoned!
The killer bee poisons you!
You barely miss the killer bee.
The killer bee is almost dead.
* * * LOW HITPOINT WARNING * * *
You feel very sick. The killer bee stings you!
You die...

#.####### #.# #.
#.# #.#####. #.#
#....... #.#
######## #.# #.#
####### ######
#.####### #.....#
....#####
.........###.###.#
#......# #.######.
...# #@#
###..###.### ...##
###.###y#
#........... ....#
#.....#
#.#..###.### ...##
###.### # #......#
# #.## #.#
....##### #.#
####.##### #.####
#.# #........# #.
#'## #......#.# #
...## #......# #


You could see a killer bee (combustible).

Vanquished Creatures
  Sigmund (D:3)
  2 killer bees (D:4)
  A centaur zombie (D:5)
  An iguana (D:4)
  An orc wizard (D:4)
  Robin (D:4)
  8 gnolls
  3 adders
  An adder skeleton (D:4)
  A worm (D:3)
  4 dart slugs
  4 orcs (D:4)
  An endoplasm (D:3)
  5 giant cockroaches
  13 goblins
  4 hobgoblins
  2 jackals (D:4)
  2 quokkas
  8 ball pythons
  9 bats
  4 frilled lizards
  8 kobolds
  3 rats
87 creatures vanquished.

Notes
Turn   | Place    | Note
-------+----------+-------------------------------------------
     0 | D:1      | hikkokomori the Formicid Cinder Acolyte began the quest for
                  | the Orb.
     0 | D:1      | Reached XP level 1. HP: 18/18 MP: 2/2
   362 | D:1      | Reached XP level 2. HP: 24/24 MP: 4/4
   379 | D:1      | Learned a level 2 spell: Scorch
  1096 | D:2      | Reached XP level 3. HP: 16/29 MP: 0/6
  1701 | D:2      | Reached XP level 4. HP: 35/37 MP: 0/7
  2161 | D:3      | Found Vynolin's Magic Scroll Boutique.
  2924 | D:3      | Reached XP level 5. HP: 42/42 MP: 9/9
  2965 | D:3      | Noticed Sigmund
  2972 | D:3      | Killed Sigmund
  2973 | D:3      | Reached XP level 6. HP: 37/49 MP: 1/11
  3088 | D:3      | Found a faded altar of an unknown god.
  3768 | D:4      | Noticed Robin
  3775 | D:4      | Killed Robin
  3813 | D:4      | Reached XP level 7. HP: 34/55 MP: 2/13
  4509 | D:5      | Entered Level 5 of the Dungeon
  4509 | D:5      | Noticed Eustachio
  4847 | D:3      | Bought a scroll of fear for 49 gold pieces
  4847 | D:3      | Bought a scroll of fear for 49 gold pieces
  4968 | D:5      | Noticed Ijyb
  4968 | D:5      | Noticed a water moccasin
  5033 | D:4      | Slain by a killer bee

Illustrated notes

Levels and vault maps discovered:
D:1:      minmay_arrival_arboretum_small, layout_basic
D:2:      layout_basic
D:3:      layout_loops_cross, serial_shops, nicolae_shop_hallway_stairs,
          ebering_ecumenical_altar_ruins, uniq_sigmund
D:4:      layout_loops_corners, kennysheep_generic_room_2, uniq_blork_the_orc,
          uniq_edmund, uniq_robin
D:5:      layout_cave_pools, corexii_corridor_pit, minmay_lizard_king,
          uniq_eustachio, uniq_ijyb, uniq_duvessa, uniq_prince_ribbit1

Skill      XL: |  1  2  3  4  5  6 |
---------------+-------------------+-----
Spellcasting   | 2 3 4 |  4.7
Fighting       | 4 |  4.8
Polearms       | 4 |  4.4
Fire Magic     | 4 |  4.4

Action                   |  1- 3 |  4- 6 |  7- 9 || total
-------------------------+-------+-------+-------++-------
Melee: Spear             |   126 |    65 |       ||   191
       Punch             |     1 |       |       ||     1
       Halberd           |       |    33 |    40 ||    73
 Cast: Scorch            |     4 |    29 |    17 ||    50
Invok: Fiery Armour      |       |     2 |       ||     2
 Abil: Dig               |       |     1 |       ||     1
  Use: Potion            |     1 |       |     2 ||     3
       Scroll            |       |     5 |     2 ||     7
Armor: Robe              |    17 |       |       ||    17
       Ring mail         |    13 |    36 |    39 ||    88
Dodge: Dodged            |    59 |    45 |    45 ||   149
